Mustangs vs Diables
Created - March 2, 2018 at 19:14
Goals
|
Mustangs |
0 |
2 |
1 |
0 |
1 |
3 |
Diables |
1 |
0 |
2 |
0 |
2 |
4 |
|
Shots
|
Mustangs |
8 |
19 |
14 |
0 |
4 |
41 |
Diables |
7 |
13 |
10 |
0 |
4 |
30 |
|
1st period
1. Diables , Steve Quailer 14 (Jean-Gabriel Pageau 37) at 5:14
Penalties :
Jean-Gabriel Pageau (Alm) for Hooking (Minor) at 5:53, Jean-Gabriel Pageau (Alm) for Roughing (Minor) at 19:26
2nd period
2. Mustangs , Josh Jooris 43 (Brady Skjei 37, Marcus Foligno 40) at 0:55 (PP)
3. Mustangs , Josh Jooris 44 (Mika Zibanejad 45, Marcus Foligno 41) at 15:10
Penalties :
Brian Dumoulin (Alm) for Hooking (Minor) at 4:56
3rd period
4. Diables , Teuvo Teravainen 16 (Jean-Gabriel Pageau 38, Steve Quailer 26) at 5:23
5. Mustangs , Josh Jooris 45 (Brady Skjei 38, Mika Zibanejad 46) at 13:55 (PP)
6. Diables , Taylor Beck 12 (Carl Gunnarsson 4) at 15:29
Penalties :
Jean-Gabriel Pageau (Alm) for Slashing (Minor) at 0:22, Jean-Gabriel Pageau (Alm) for Hooking (Minor) at 11:14, Steve Quailer (Alm) for Tripping (Minor) at 13:32
Overtime #1
No Goal
Penalties :
No Penalty
Shootout
Penalty Shot by Andreas Athanasiou for Mustangs - Stopped by John Gibson
Penalty Shot by Steve Quailer for Diables - Stopped by Peter Mannino
Penalty Shot by Mika Zibanejad for Mustangs - Stopped by John Gibson
Penalty Shot by Tyler Bozak for Diables - Goal!
Penalty Shot by Andrew Shaw for Mustangs - Goal!
Penalty Shot by Alexandre Burrows for Diables - Shot Misses the Net
Penalty Shot by Marcus Foligno for Mustangs - Shot Misses the Net
Penalty Shot by Craig Smith for Diables - Goal!
Penalties :
No Penalty
Goalie Stats
Peter Mannino (Ham), 27 saves from 30 shots - (0.900), OTL, 22-15-4, 65:00 minutes
John Gibson (Alm), 38 saves from 41 shots - (0.927), W, 18-14-6, 65:00 minutes
Players Stats for Mustangs
Player Name G A P +/- PIM S H SB GA TA FO MP PP MP PK MP
------------------------------------------------------------------------------------
Alexei Marchenko 0 0 0 -2 0 2 2 2 2 0 0/0 11:45 0:00 0:00
Andreas Athanasiou 0 0 0 0 0 0 2 0 0 1 2/5 8:35 0:17 0:00
Andrew Shaw 0 0 0 -1 0 2 0 0 0 0 0/0 18:47 3:53 0:00
Brady Skjei 0 2 2 0 0 3 2 1 1 0 0/0 29:37 5:29 0:00
Cameron Gaunce 0 0 0 0 0 2 1 0 0 0 0/0 23:26 4:19 0:00
Curtis Hamilton 0 0 0 0 0 1 0 0 0 0 0/0 7:45 0:00 0:00
Derek Joslin 0 0 0 0 0 4 3 0 0 1 0/0 28:54 5:29 0:00
Francis Paré 0 0 0 0 0 2 0 0 0 0 0/0 7:28 0:00 0:00
Jerome Samson 0 0 0 0 0 1 2 0 0 1 0/1 12:46 0:15 0:00
Jim O'Brien 0 0 0 0 0 0 3 0 1 0 4/7 13:42 0:00 0:00
Josh Jooris 3 0 3 -1 0 8 3 0 1 0 1/2 20:59 5:40 0:00
Joshua Leivo 0 0 0 0 0 2 1 0 0 0 0/2 13:41 0:14 0:00
Marcus Foligno 0 2 2 -1 0 6 1 1 1 0 2/2 22:58 5:41 0:00
Mark Pysyk 0 0 0 0 0 1 1 0 1 0 0/0 23:26 4:19 0:00
Mika Zibanejad 0 2 2 -1 0 4 0 0 1 1 19/36 22:59 5:38 0:00
Riley Sheahan 0 0 0 -1 0 1 3 0 0 2 1/6 20:11 3:53 0:00
Scott Mayfield 0 0 0 -2 0 0 2 1 0 0 0/0 12:52 0:00 0:00
Tomas Tatar 0 0 0 -1 0 2 1 0 0 1 0/1 20:09 3:53 0:00
Players Stats for Diables
Player Name G A P +/- PIM S H SB GA TA FO MP PP MP PK MP
------------------------------------------------------------------------------------
Alexandre Burrows 0 0 0 0 0 5 1 1 1 0 0/0 20:37 0:00 3:38
Borna Rendulic 0 0 0 1 0 0 1 0 0 1 0/0 7:51 0:00 0:00
Brandon Prust 0 0 0 0 0 3 3 0 0 0 0/0 11:21 0:00 0:47
Brian Dumoulin 0 0 0 -1 2 1 1 1 1 1 0/0 21:28 0:00 0:00
Carl Gunnarsson 0 1 1 3 0 1 3 3 1 0 0/0 26:03 0:00 3:52
Craig Smith 0 0 0 0 0 1 3 0 0 0 0/0 22:18 0:00 4:48
Daniel Zaar 0 0 0 0 0 0 0 0 0 0 0/0 10:08 0:00 0:00
Jamie Oleksiak 0 0 0 0 0 0 1 0 0 0 0/0 11:57 0:00 0:00
Jean-Gabriel Pageau 0 2 2 1 8 5 4 2 0 1 13/27 19:17 0:00 0:45
Jon Merrill 0 0 0 -1 0 2 4 6 2 2 0/0 28:00 0:00 5:56
Louis Leblanc 0 0 0 1 0 0 0 1 0 0 5/6 9:00 0:00 1:27
Mark Fraser 0 0 0 3 0 0 2 4 0 0 0/0 22:46 0:00 5:56
Pavel Valentenko 0 0 0 0 0 0 3 4 0 0 0/0 19:47 0:00 3:52
Steve Quailer 1 1 2 1 2 5 1 1 1 1 1/3 17:12 0:00 0:00
Taylor Beck 1 0 1 1 0 2 1 0 0 1 0/0 10:29 0:00 2:56
Teuvo Teravainen 1 0 1 1 0 4 1 0 0 1 0/0 17:10 0:00 0:00
Tim Schaller 0 0 0 0 0 0 3 2 0 0 10/16 17:32 0:00 5:15
Tyler Bozak 0 0 0 0 0 1 2 0 1 0 4/10 17:10 0:00 0:00
3 Stars
1 - Josh Jooris (Ham)
2 - Carl Gunnarsson (Alm)
3 - Steve Quailer (Alm)
Power Play
Mustangs - 2 on 6 Attempt(s) - 33.33%
Diables - 0 on 0 Attempt(s) - 0.00%
Penalty Kill
Mustangs - 0 on 0 Attempt(s) - 0.00%
- Score 0 goal in Penalty Kill
Diables - 4 on 6 Attempt(s) - 66.67%
- Score 0 goal in Penalty Kill
Team Stat
Mustangs - Hits : 27 - Faceoff Wins : 29 - Blocked Shots : 5 - Penalty Minutes : 0
Diables - Hits : 34 - Faceoff Wins : 33 - Blocked Shots : 25 - Penalty Minutes : 12
Official
Referees : Jackson Dave and Lee Chris
Linesman : Jean Morin and Shane Heyer
Game Notes
Josh Jooris has scored a Hat Trick!
Finance
Level 1 -- Attendance: 1358 (67.90%) -- Ticket Income $54,320
Level 2 -- Attendance: 701 (70.10%) -- Ticket Income $14,020
Total Attendance: 2059 (68.63%)
Total Ticket Income: $68,340
Other Income: $3,417
Total Income: $71,757
Mustangs
5 vs 5 Forward
Center Left Wing Right Wing Time % Phy DF OF
1 Mika Zibanejad Marcus Foligno Josh Jooris 40 1 2 2
2 Riley Sheahan Tomas Tatar Andrew Shaw 30 1 2 2
3 Jim O'Brien Joshua Leivo Jerome Samson 20 1 2 2
4 Andreas Athanasiou Curtis Hamilton Francis Paré 10 1 2 2
5 vs 5 Defense
Defense Defense Time % Phy DF OF
1 Derek Joslin Brady Skjei 44 1 2 2
2 Cameron Gaunce Mark Pysyk 33 1 2 2
3 Alexei Marchenko Scott Mayfield 23 1 2 2
4 Derek Joslin Brady Skjei 0 1 2 2
PowerPlay Forward
Center Left Wing Right Wing Time % Phy DF OF
1 Mika Zibanejad Marcus Foligno Josh Jooris 60 1 2 2
2 Riley Sheahan Tomas Tatar Andrew Shaw 40 1 2 2
PowerPlay Defense
Defense Defense Time % Phy DF OF
1 Derek Joslin Brady Skjei 60 1 2 2
2 Cameron Gaunce Mark Pysyk 40 1 2 2
Penalty Kill 4 Players Forward
Center Wing Time % Phy DF OF
1 Riley Sheahan Marcus Foligno 60 1 2 2
2 Jim O'Brien Tomas Tatar 40 1 2 2
Penalty Kill 4 Players Defense
Defense Defense Time % Phy DF OF
1 Derek Joslin Brady Skjei 60 1 2 2
2 Cameron Gaunce Mark Pysyk 40 1 2 2
Penalty Kill - 3 Players Forward
Forward Time % Phy DF OF
1 Riley Sheahan 60 1 2 2
2 Jim O'Brien 40 1 2 2
Penalty Kill - 3 Players Defense
Defense Defense Time % Phy DF OF
1 Derek Joslin Brady Skjei 60 1 2 2
2 Cameron Gaunce Mark Pysyk 40 1 2 2
4 vs 4 Forward
Center Wing Time % Phy DF OF
1 Mika Zibanejad Marcus Foligno 60 1 2 2
2 Riley Sheahan Tomas Tatar 40 1 2 2
4 vs 4 Defense
Defense Defense Time % Phy DF OF
1 Derek Joslin Brady Skjei 60 1 2 2
2 Cameron Gaunce Mark Pysyk 40 1 2 2
Last Minutes Offensive
Center Left Wing Right Wing Defense Defense
Mika Zibanejad Marcus Foligno Josh Jooris Derek Joslin Brady Skjei
Last Minutes Defensive
Center Left Wing Right Wing Defense Defense
Riley Sheahan Marcus Foligno Josh Jooris Derek Joslin Brady Skjei
Goaltenders
Starting : Peter Mannino
Backup : Chet Pickard
Extra Forwards
Normal : Mika Zibanejad, Riley Sheahan, Jim O'Brien - PP : Mika Zibanejad, Riley Sheahan - PK : Marcus Foligno
Extra Defensemen
Normal : Brady Skjei, Mark Pysyk, Cameron Gaunce - PP : Brady Skjei - PK : Derek Joslin, Cameron Gaunce
Penalty Shots
Andreas Athanasiou, Mika Zibanejad, Andrew Shaw, Marcus Foligno, Josh Jooris
Scratches
Roman Horak (Healthy), Dominik Uher (Healthy), Joe Finley (Healthy), Eric Knodel (Healthy), Matthew Finn (Healthy)
Danny Biega (Healthy), Raphael Bussieres (Healthy), Sam Kurker (Healthy), Max Gortz (Healthy), Rick Schofield (Healthy)
Denis Bodrov (Healthy), Riley Nash (Healthy), Justin Peters (Healthy), Joacim Eriksson (Healthy)
Diables
5 vs 5 Forward
Center Left Wing Right Wing Time % Phy DF OF
1 Jean-Gabriel Pageau Teuvo Teravainen Steve Quailer 40 0 2 3
2 Tyler Bozak Alexandre Burrows Craig Smith 30 0 2 3
3 Tim Schaller Brandon Prust Daniel Zaar 20 0 2 3
4 Louis Leblanc Taylor Beck Borna Rendulic 10 0 3 2
5 vs 5 Defense
Defense Defense Time % Phy DF OF
1 Jon Merrill Brian Dumoulin 40 1 2 2
2 Mark Fraser Carl Gunnarsson 30 1 2 2
3 Pavel Valentenko Jamie Oleksiak 20 1 2 2
4 Carl Gunnarsson Pavel Valentenko 10 1 2 2
PowerPlay Forward
Center Left Wing Right Wing Time % Phy DF OF
1 Tyler Bozak Teuvo Teravainen Craig Smith 60 0 2 3
2 Tim Schaller Alexandre Burrows Steve Quailer 40 0 2 3
PowerPlay Defense
Defense Defense Time % Phy DF OF
1 Mark Fraser Jon Merrill 60 1 2 2
2 Brian Dumoulin Carl Gunnarsson 40 1 2 2
Penalty Kill 4 Players Forward
Center Wing Time % Phy DF OF
1 Tim Schaller Craig Smith 60 1 2 2
2 Jean-Gabriel Pageau Alexandre Burrows 40 1 2 2
Penalty Kill 4 Players Defense
Defense Defense Time % Phy DF OF
1 Mark Fraser Jon Merrill 60 1 2 2
2 Pavel Valentenko Carl Gunnarsson 40 1 2 2
Penalty Kill - 3 Players Forward
Forward Time % Phy DF OF
1 Tim Schaller 60 1 2 2
2 Tyler Bozak 40 1 2 2
Penalty Kill - 3 Players Defense
Defense Defense Time % Phy DF OF
1 Jon Merrill Carl Gunnarsson 60 1 2 2
2 Brian Dumoulin Mark Fraser 40 1 2 2
4 vs 4 Forward
Center Wing Time % Phy DF OF
1 Tyler Bozak Alexandre Burrows 60 1 2 2
2 Tim Schaller Steve Quailer 40 1 2 2
4 vs 4 Defense
Defense Defense Time % Phy DF OF
1 Jon Merrill Carl Gunnarsson 60 1 2 2
2 Pavel Valentenko Mark Fraser 40 1 2 2
Last Minutes Offensive
Center Left Wing Right Wing Defense Defense
Jean-Gabriel Pageau Teuvo Teravainen Steve Quailer Mark Fraser Jon Merrill
Last Minutes Defensive
Center Left Wing Right Wing Defense Defense
Tyler Bozak Alexandre Burrows Craig Smith Mark Fraser Jon Merrill
Goaltenders
Starting : John Gibson
Backup : Jean-Francois Berube
Extra Forwards
Normal : Craig Smith, Jean-Gabriel Pageau, Teuvo Teravainen - PP : Craig Smith, Jean-Gabriel Pageau - PK : Taylor Beck
Extra Defensemen
Normal : Jamie Oleksiak, Carl Gunnarsson, Mark Fraser - PP : Jon Merrill - PK : Jamie Oleksiak, Carl Gunnarsson
Penalty Shots
Steve Quailer, Tyler Bozak, Alexandre Burrows, Craig Smith, Tim Schaller
Scratches
Gemel Smith (Healthy), Matt Lindblad (Healthy), Christian Thomas (Healthy), Kyle Chipchura (Healthy), Adam Clendening (Healthy)
Eric Karlsson (Healthy), Brett Ritchie (Healthy), Blake Coleman (Healthy), Andrew O'Brien (Healthy), Keith Seabrook (Healthy)
Pierre-Cédric Labrie (Healthy), Marc-André Bourdon (Healthy), Brandon Burlon (Strained Right Elbow Injury), Linus Ullmark (Healthy)
% Time on Ice - Mustangs
Lines # - Real PCT - Wanted PCT - Time Play
Normal Forward
1 - 32% - 40% - 16:05
2 - 29% - 30% - 14:36
3 - 24% - 20% - 12:03
4 - 15% - 10% - 7:28
Normal Defense
1 - 43% - 44% - 21:36
2 - 35% - 33% - 17:30
3 - 22% - 23% - 11:06
4 - 0% - 0% - 0:00
PP Forward
1 - 60% - 60% - 5:55
2 - 40% - 40% - 3:53
PP Defense
1 - 56% - 60% - 5:29
2 - 44% - 40% - 4:19
PK Forward
1 - 0% - 60%
2 - 0% - 40%
PK Defense
1 - 0% - 60%
2 - 0% - 40%
PK3 Forward
1 - 0% - 60%
2 - 0% - 40%
PK3 Defense
1 - 0% - 60%
2 - 0% - 40%
44 Forward
1 - 92% - 60% - 4:37
2 - 8% - 40% - 0:23
44 Defense
1 - 68% - 60% - 3:23
2 - 32% - 40% - 1:37
Last Minute Offensive - 0:00
Last Minute Defensive - 0:00
Total
Forward - 65:00
Defense - 65:00
|
% Time on Ice - Diables
Lines # - Real PCT - Wanted PCT - Time Play
Normal Forward
1 - 34% - 40% - 17:00
2 - 31% - 30% - 15:31
3 - 20% - 20% - 10:08
4 - 15% - 10% - 7:33
Normal Defense
1 - 40% - 40% - 19:54
2 - 32% - 30% - 16:12
3 - 20% - 20% - 10:17
4 - 8% - 10% - 3:49
PP Forward
1 - 0% - 60%
2 - 0% - 40%
PP Defense
1 - 0% - 60%
2 - 0% - 40%
PK Forward
1 - 72% - 60% - 7:04
2 - 28% - 40% - 2:44
PK Defense
1 - 61% - 60% - 5:56
2 - 39% - 40% - 3:52
PK3 Forward
1 - 0% - 60%
2 - 0% - 40%
PK3 Defense
1 - 0% - 60%
2 - 0% - 40%
44 Forward
1 - 76% - 60% - 3:48
2 - 24% - 40% - 1:12
44 Defense
1 - 68% - 60% - 3:25
2 - 32% - 40% - 1:35
Last Minute Offensive - 0:00
Last Minute Defensive - 0:00
Total
Forward - 65:00
Defense - 65:00
|
Play by Play
1st period
0:01 of 1st period - Jean-Gabriel Pageau wins face-off versus Mika Zibanejad in neutral zone.
0:26 of 1st period - Jon Merrill is hit by Brady Skjei and loses puck.
0:53 of 1st period - Carl Gunnarsson is hit by Joshua Leivo and loses puck.
1:12 of 1st period - Snap shot by Francis Paré.
1:12 of 1st period - Shot Blocked by Carl Gunnarsson.
1:14 of 1st period - Snap shot by Scott Mayfield.
1:14 of 1st period - Shot Blocked by Mark Fraser.
1:32 of 1st period - Backhand shot by Tomas Tatar.
1:32 of 1st period - Shot Misses the Net.
1:34 of 1st period - Slapshot by Mark Pysyk.
1:34 of 1st period - Stopped by John Gibson with a rebound.
2:14 of 1st period - Snap shot by Taylor Beck.
2:14 of 1st period - Shot Misses the Net.
2:38 of 1st period - Snap shot by Mika Zibanejad.
2:38 of 1st period - Shot Misses the Net.
2:40 of 1st period - Slapshot by Scott Mayfield.
2:40 of 1st period - Shot Blocked by Louis Leblanc.
2:42 of 1st period - Slapshot by Alexei Marchenko.
2:42 of 1st period - Stopped by John Gibson without a rebound.
2:43 of 1st period - Jim O'Brien wins face-off versus Jean-Gabriel Pageau in Diables zone.
2:54 of 1st period - Teuvo Teravainen is hit by Jim O'Brien and loses puck.
3:16 of 1st period - Carl Gunnarsson is hit by Riley Sheahan and loses puck.
3:49 of 1st period - Slapshot by Cameron Gaunce.
3:49 of 1st period - Shot Misses the Net.
3:55 of 1st period - Snap shot by Jerome Samson.
3:55 of 1st period - Shot Misses the Net.
4:16 of 1st period - Wrist shot by Riley Sheahan.
4:16 of 1st period - Shot Blocked by Jon Merrill.
4:18 of 1st period - Slapshot by Cameron Gaunce.
4:18 of 1st period - Shot Misses the Net.
4:36 of 1st period - Slapshot by Jon Merrill.
4:36 of 1st period - Deflect By Derek Joslin.
4:36 of 1st period - Stopped by Peter Mannino with a rebound.
4:54 of 1st period - Jerome Samson is hit by Tim Schaller and loses puck.
5:14 of 1st period - Snap shot by Steve Quailer.
5:14 of 1st period - Goal by Steve Quailer - Mustangs : 0 - Diables : 1.
5:15 of 1st period - Marcus Foligno wins face-off versus Jean-Gabriel Pageau in neutral zone.
5:24 of 1st period - Snap shot by Marcus Foligno.
5:24 of 1st period - Shot Blocked by Pavel Valentenko.
5:26 of 1st period - Snap shot by Marcus Foligno.
5:26 of 1st period - Stopped by John Gibson with a rebound.
5:50 of 1st period - Off-side.
5:51 of 1st period - Steve Quailer wins face-off versus Mika Zibanejad in neutral zone.
5:53 of 1st period - Minor Penalty to Jean-Gabriel Pageau for Hooking.
5:54 of 1st period - Mika Zibanejad wins face-off versus Tim Schaller in Diables zone.
6:20 of 1st period - Tim Schaller is hit by Tomas Tatar and loses puck.
7:45 of 1st period - Cameron Gaunce is hit by Tim Schaller and loses puck.
7:53 of 1st period - Penalty to Jean-Gabriel Pageau is over, Jean-Gabriel Pageau is back on ice.
7:58 of 1st period - Jean-Gabriel Pageau is hit by Andreas Athanasiou and loses puck.
8:55 of 1st period - Icing by Jim O'Brien.
8:56 of 1st period - Tyler Bozak wins face-off versus Jim O'Brien in Mustangs zone.
8:57 of 1st period - Slapshot by Alexandre Burrows.
8:57 of 1st period - Stopped by Peter Mannino with a rebound.
9:19 of 1st period - Wrist shot by Steve Quailer.
9:19 of 1st period - Stopped by Peter Mannino with a rebound.
9:34 of 1st period - Off-side.
9:35 of 1st period - Mika Zibanejad wins face-off versus Tyler Bozak in neutral zone.
9:46 of 1st period - Wrist shot by Alexandre Burrows.
9:46 of 1st period - Shot Misses the Net.
10:07 of 1st period - Wrist shot by Steve Quailer.
10:07 of 1st period - Stopped by Peter Mannino with a rebound.
10:49 of 1st period - Snap shot by Alexandre Burrows.
10:49 of 1st period - Shot Misses the Net.
10:51 of 1st period - Backhand shot by Craig Smith.
10:51 of 1st period - Shot Blocked by Scott Mayfield.
10:53 of 1st period - Backhand shot by Mark Fraser.
10:53 of 1st period - Shot Misses the Net.
11:29 of 1st period - Jean-Gabriel Pageau is hit by Derek Joslin and loses puck.
11:34 of 1st period - Wrist shot by Tomas Tatar.
11:34 of 1st period - Shot Blocked by Pavel Valentenko.
12:17 of 1st period - Cameron Gaunce is hit by Tim Schaller and loses puck.
12:38 of 1st period - Derek Joslin is hit by Mark Fraser and loses puck.
13:15 of 1st period - Wrist shot by Curtis Hamilton.
13:15 of 1st period - Shot Blocked by Pavel Valentenko.
13:17 of 1st period - Wrist shot by Andreas Athanasiou.
13:17 of 1st period - Shot Misses the Net.
13:19 of 1st period - Snap shot by Alexei Marchenko.
13:19 of 1st period - Stopped by John Gibson without a rebound.
13:20 of 1st period - Andreas Athanasiou wins face-off versus Jean-Gabriel Pageau in Diables zone.
14:11 of 1st period - Snap shot by Tomas Tatar.
14:11 of 1st period - Deflect By Riley Sheahan.
14:11 of 1st period - Shot Blocked by Tim Schaller.
14:11 of 1st period - Puck is out of play.
14:12 of 1st period - Marcus Foligno wins face-off versus Jean-Gabriel Pageau in Diables zone.
14:25 of 1st period - Wrist shot by Mika Zibanejad.
14:25 of 1st period - Stopped by John Gibson with a rebound.
14:39 of 1st period - Mark Pysyk is hit by Jon Merrill.
14:45 of 1st period - Alexandre Burrows is hit by Riley Sheahan and loses puck.
15:04 of 1st period - Carl Gunnarsson is hit by Andreas Athanasiou and loses puck.
15:31 of 1st period - Pavel Valentenko is hit by Scott Mayfield and loses puck.
15:44 of 1st period - Slapshot by Jean-Gabriel Pageau.
15:44 of 1st period - Stopped by Peter Mannino without a rebound.
15:45 of 1st period - Mika Zibanejad wins face-off versus Jean-Gabriel Pageau in Mustangs zone.
15:52 of 1st period - Wrist shot by Mika Zibanejad.
15:52 of 1st period - Shot Misses the Net.
15:54 of 1st period - Wrist shot by Mika Zibanejad.
15:54 of 1st period - Stopped by John Gibson with a rebound.
15:56 of 1st period - Slapshot by Mark Pysyk.
15:56 of 1st period - Shot Blocked by Steve Quailer.
15:58 of 1st period - Snap shot by Josh Jooris.
15:58 of 1st period - Stopped by John Gibson without a rebound.
15:59 of 1st period - Tyler Bozak wins face-off versus Mika Zibanejad in Diables zone.
16:15 of 1st period - Icing by Jon Merrill.
16:16 of 1st period - Tyler Bozak wins face-off versus Riley Sheahan in Diables zone.
17:25 of 1st period - Brian Dumoulin is hit by Derek Joslin and loses puck.
18:16 of 1st period - Wrist shot by Alexandre Burrows.
18:16 of 1st period - Shot Misses the Net.
18:41 of 1st period - Icing by Alexandre Burrows.
18:42 of 1st period - Mika Zibanejad wins face-off versus Tyler Bozak in Diables zone.
19:04 of 1st period - Snap shot by Tyler Bozak.
19:04 of 1st period - Shot Misses the Net.
19:06 of 1st period - Slapshot by Alexandre Burrows.
19:06 of 1st period - Stopped by Peter Mannino without a rebound.
19:07 of 1st period - Jim O'Brien wins face-off versus Jean-Gabriel Pageau in Mustangs zone.
19:07 of 1st period - Jim O'Brien is hit by Steve Quailer.
19:13 of 1st period - Wrist shot by Jerome Samson.
19:13 of 1st period - Shot Blocked by Mark Fraser.
19:26 of 1st period - Minor Penalty to Jean-Gabriel Pageau for Roughing.
19:27 of 1st period - Tim Schaller wins face-off versus Mika Zibanejad in Diables zone.
19:35 of 1st period - Wrist shot by Marcus Foligno.
19:35 of 1st period - Stopped by John Gibson with a rebound.
Goals for this period are 0 for Mustangs vs 1 for Diables.
Shots for this period are 8 for Mustangs vs 7 for Diables.
2nd period
0:01 of 2nd period - Mika Zibanejad wins face-off versus Tim Schaller in neutral zone.
0:47 of 2nd period - Slapshot by Josh Jooris.
0:47 of 2nd period - Shot Blocked by Mark Fraser.
0:49 of 2nd period - Snap shot by Josh Jooris.
0:49 of 2nd period - Stopped by John Gibson with a rebound.
0:51 of 2nd period - Snap shot by Josh Jooris.
0:51 of 2nd period - Shot Blocked by Jon Merrill.
0:53 of 2nd period - Backhand shot by Brady Skjei.
0:53 of 2nd period - Shot Hit the Post.
0:55 of 2nd period - Snap shot by Josh Jooris.
0:55 of 2nd period - Goal by Josh Jooris - Mustangs : 1 - Diables : 1.
0:56 of 2nd period - Jean-Gabriel Pageau wins face-off versus Jim O'Brien in neutral zone.
0:58 of 2nd period - Off-side.
0:59 of 2nd period - Jim O'Brien wins face-off versus Jean-Gabriel Pageau in neutral zone.
1:10 of 2nd period - Joshua Leivo is hit by Carl Gunnarsson and loses puck.
1:42 of 2nd period - Snap shot by Cameron Gaunce.
1:42 of 2nd period - Deflect By Joshua Leivo.
1:42 of 2nd period - Shot Misses the Net.
1:42 of 2nd period - Puck is out of play.
1:43 of 2nd period - Jean-Gabriel Pageau wins face-off versus Mika Zibanejad in Diables zone.
1:58 of 2nd period - Slapshot by Josh Jooris.
1:58 of 2nd period - Deflect By Mika Zibanejad.
1:58 of 2nd period - Shot Blocked by Jon Merrill.
1:58 of 2nd period - Puck is out of play.
1:59 of 2nd period - Tim Schaller wins face-off versus Riley Sheahan in Diables zone.
2:12 of 2nd period - Snap shot by Brandon Prust.
2:12 of 2nd period - Shot Blocked by Brady Skjei.
2:14 of 2nd period - Slapshot by Tim Schaller.
2:14 of 2nd period - Shot Misses the Net.
2:33 of 2nd period - Steve Quailer is hit by Josh Jooris and loses puck.
3:10 of 2nd period - Cameron Gaunce is hit by Alexandre Burrows and loses puck.
3:17 of 2nd period - Wrist shot by Tyler Bozak.
3:17 of 2nd period - Shot Misses the Net.
3:19 of 2nd period - Wrist shot by Tyler Bozak.
3:19 of 2nd period - Stopped by Peter Mannino with a rebound.
3:35 of 2nd period - Snap shot by Alexandre Burrows.
3:35 of 2nd period - Stopped by Peter Mannino with a rebound.
3:52 of 2nd period - Snap shot by Andrew Shaw.
3:52 of 2nd period - Deflect By Tomas Tatar.
3:52 of 2nd period - Stopped by John Gibson with a rebound.
3:54 of 2nd period - Wrist shot by Riley Sheahan.
3:54 of 2nd period - Shot Misses the Net.
3:56 of 2nd period - Wrist shot by Andrew Shaw.
3:56 of 2nd period - Stopped by John Gibson without a rebound.
3:57 of 2nd period - Mika Zibanejad wins face-off versus Jean-Gabriel Pageau in Diables zone.
3:58 of 2nd period - Snap shot by Marcus Foligno.
3:58 of 2nd period - Shot Hit the Post.
4:00 of 2nd period - Slapshot by Derek Joslin.
4:00 of 2nd period - Stopped by John Gibson with a rebound.
4:04 of 2nd period - Snap shot by Marcus Foligno.
4:04 of 2nd period - Stopped by John Gibson with a rebound.
4:06 of 2nd period - Snap shot by Brady Skjei.
4:06 of 2nd period - Shot Blocked by Mark Fraser.
4:08 of 2nd period - Snap shot by Mika Zibanejad.
4:08 of 2nd period - Shot Blocked by Carl Gunnarsson.
4:34 of 2nd period - Wrist shot by Joshua Leivo.
4:34 of 2nd period - Stopped by John Gibson without a rebound.
4:35 of 2nd period - Tim Schaller wins face-off versus Mika Zibanejad in Diables zone.
4:35 of 2nd period - Tim Schaller is hit by Marcus Foligno.
4:50 of 2nd period - Slapshot by Marcus Foligno.
4:50 of 2nd period - Stopped by John Gibson with a rebound.
4:56 of 2nd period - Minor Penalty to Brian Dumoulin for Hooking.
4:57 of 2nd period - Tim Schaller wins face-off versus Mika Zibanejad in Diables zone.
5:28 of 2nd period - Slapshot by Derek Joslin.
5:28 of 2nd period - Stopped by John Gibson with a rebound.
5:30 of 2nd period - Snap shot by Mika Zibanejad.
5:30 of 2nd period - Shot Blocked by Alexandre Burrows.
6:56 of 2nd period - Penalty to Brian Dumoulin is over, Brian Dumoulin is back on ice.
7:03 of 2nd period - Brady Skjei is hit by Pavel Valentenko and loses puck.
7:18 of 2nd period - Jean-Gabriel Pageau is hit by Brady Skjei and loses puck.
7:49 of 2nd period - Snap shot by Brandon Prust.
7:49 of 2nd period - Stopped by Peter Mannino without a rebound.
7:50 of 2nd period - Louis Leblanc wins face-off versus Mika Zibanejad in Mustangs zone.
7:53 of 2nd period - Wrist shot by Taylor Beck.
7:53 of 2nd period - Shot Blocked by Marcus Foligno.
8:11 of 2nd period - Slapshot by Tyler Bozak.
8:11 of 2nd period - Shot Misses the Net.
8:33 of 2nd period - Jim O'Brien is hit by Jean-Gabriel Pageau and loses puck.
8:58 of 2nd period - Snap shot by Curtis Hamilton.
8:58 of 2nd period - Stopped by John Gibson with a rebound.
9:00 of 2nd period - Wrist shot by Francis Paré.
9:00 of 2nd period - Shot Blocked by Brian Dumoulin.
9:10 of 2nd period - Snap shot by Brandon Prust.
9:10 of 2nd period - Stopped by Peter Mannino without a rebound.
9:11 of 2nd period - Tim Schaller wins face-off versus Mika Zibanejad in Mustangs zone.
9:18 of 2nd period - Snap shot by Brandon Prust.
9:18 of 2nd period - Shot Misses the Net.
9:38 of 2nd period - Andrew Shaw is hit by Jean-Gabriel Pageau and loses puck.
10:05 of 2nd period - Snap shot by Jim O'Brien.
10:05 of 2nd period - Shot Blocked by Pavel Valentenko.
10:07 of 2nd period - Snap shot by Jim O'Brien.
10:07 of 2nd period - Shot Misses the Net.
10:24 of 2nd period - Brady Skjei is hit by Craig Smith and loses puck.
10:29 of 2nd period - Wrist shot by Tyler Bozak.
10:29 of 2nd period - Shot Misses the Net.
10:39 of 2nd period - Wrist shot by Craig Smith.
10:39 of 2nd period - Shot Misses the Net.
10:41 of 2nd period - Snap shot by Craig Smith.
10:41 of 2nd period - Shot Misses the Net.
10:43 of 2nd period - Slapshot by Brian Dumoulin.
10:43 of 2nd period - Stopped by Peter Mannino with a rebound.
10:45 of 2nd period - Snap shot by Craig Smith.
10:45 of 2nd period - Stopped by Peter Mannino with a rebound.
10:47 of 2nd period - Slapshot by Tyler Bozak.
10:47 of 2nd period - Deflect By Alexandre Burrows.
10:47 of 2nd period - Stopped by Peter Mannino with a rebound.
11:01 of 2nd period - Slapshot by Alexandre Burrows.
11:01 of 2nd period - Stopped by Peter Mannino without a rebound.
11:02 of 2nd period - Mika Zibanejad wins face-off versus Jean-Gabriel Pageau in Mustangs zone.
11:02 of 2nd period - Mika Zibanejad is hit by Carl Gunnarsson.
11:30 of 2nd period - Cameron Gaunce is hit by Brandon Prust and loses puck.
11:52 of 2nd period - Slapshot by Jim O'Brien.
11:52 of 2nd period - Shot Misses the Net.
11:54 of 2nd period - Wrist shot by Jim O'Brien.
11:54 of 2nd period - Shot Misses the Net.
11:56 of 2nd period - Snap shot by Jerome Samson.
11:56 of 2nd period - Shot Misses the Net.
11:58 of 2nd period - Wrist shot by Cameron Gaunce.
11:58 of 2nd period - Stopped by John Gibson without a rebound.
11:59 of 2nd period - Jean-Gabriel Pageau wins face-off versus Mika Zibanejad in Diables zone.
12:12 of 2nd period - Wrist shot by Marcus Foligno.
12:12 of 2nd period - Shot Blocked by Jean-Gabriel Pageau.
12:14 of 2nd period - Slapshot by Josh Jooris.
12:14 of 2nd period - Stopped by John Gibson without a rebound.
12:15 of 2nd period - Riley Sheahan wins face-off versus Tim Schaller in Diables zone.
12:22 of 2nd period - Wrist shot by Riley Sheahan.
12:22 of 2nd period - Stopped by John Gibson without a rebound.
12:23 of 2nd period - Tim Schaller wins face-off versus Riley Sheahan in Diables zone.
12:30 of 2nd period - Snap shot by Tomas Tatar.
12:30 of 2nd period - Stopped by John Gibson without a rebound.
12:31 of 2nd period - Jean-Gabriel Pageau wins face-off versus Mika Zibanejad in Diables zone.
12:44 of 2nd period - Wrist shot by Brady Skjei.
12:44 of 2nd period - Deflect By Jean-Gabriel Pageau.
12:44 of 2nd period - Stopped by John Gibson with a rebound.
13:29 of 2nd period - Jamie Oleksiak is hit by Jerome Samson.
14:21 of 2nd period - Wrist shot by Daniel Zaar.
14:21 of 2nd period - Shot Blocked by Alexei Marchenko.
15:10 of 2nd period - Snap shot by Josh Jooris.
15:10 of 2nd period - Goal by Josh Jooris - Mustangs : 2 - Diables : 1.
15:11 of 2nd period - Jean-Gabriel Pageau wins face-off versus Mika Zibanejad in neutral zone.
15:18 of 2nd period - Snap shot by Jean-Gabriel Pageau.
15:18 of 2nd period - Stopped by Peter Mannino without a rebound.
15:19 of 2nd period - Jean-Gabriel Pageau wins face-off versus Mika Zibanejad in Mustangs zone.
15:24 of 2nd period - Slapshot by Teuvo Teravainen.
15:24 of 2nd period - Stopped by Peter Mannino without a rebound.
15:25 of 2nd period - Jean-Gabriel Pageau wins face-off versus Mika Zibanejad in Mustangs zone.
15:38 of 2nd period - Snap shot by Teuvo Teravainen.
15:38 of 2nd period - Stopped by Peter Mannino with a rebound.
15:52 of 2nd period - Andrew Shaw is hit by Brandon Prust and loses puck.
16:07 of 2nd period - Jerome Samson is hit by Carl Gunnarsson and loses puck.
16:18 of 2nd period - Snap shot by Brady Skjei.
16:18 of 2nd period - Shot Misses the Net.
16:20 of 2nd period - Backhand shot by Brady Skjei.
16:20 of 2nd period - Shot Misses the Net.
16:22 of 2nd period - Slapshot by Derek Joslin.
16:22 of 2nd period - Shot Misses the Net.
16:24 of 2nd period - Slapshot by Brady Skjei.
16:24 of 2nd period - Stopped by John Gibson without a rebound.
16:25 of 2nd period - Jean-Gabriel Pageau wins face-off versus Andreas Athanasiou in Diables zone.
16:50 of 2nd period - Snap shot by Francis Paré.
16:50 of 2nd period - Stopped by John Gibson without a rebound.
16:51 of 2nd period - Mika Zibanejad wins face-off versus Tim Schaller in Diables zone.
17:01 of 2nd period - Marcus Foligno is hit by Brandon Prust and loses puck.
17:20 of 2nd period - Slapshot by Andrew Shaw.
17:20 of 2nd period - Stopped by John Gibson with a rebound.
18:15 of 2nd period - Icing by Brian Dumoulin.
18:16 of 2nd period - Louis Leblanc wins face-off versus Andreas Athanasiou in Diables zone.
18:16 of 2nd period - Louis Leblanc is hit by Cameron Gaunce.
18:27 of 2nd period - Snap shot by Cameron Gaunce.
18:27 of 2nd period - Deflect By Andreas Athanasiou.
18:27 of 2nd period - Shot Blocked by Jon Merrill.
18:27 of 2nd period - Puck is out of play.
18:28 of 2nd period - Jean-Gabriel Pageau wins face-off versus Mika Zibanejad in Diables zone.
18:28 of 2nd period - Jean-Gabriel Pageau is hit by Josh Jooris.
19:02 of 2nd period - Slapshot by Carl Gunnarsson.
19:02 of 2nd period - Shot Misses the Net.
19:04 of 2nd period - Snap shot by Brandon Prust.
19:04 of 2nd period - Stopped by Peter Mannino with a rebound.
19:15 of 2nd period - Off-side.
19:16 of 2nd period - Louis Leblanc wins face-off versus Jim O'Brien in neutral zone.
19:49 of 2nd period - Snap shot by Taylor Beck.
19:49 of 2nd period - Stopped by Peter Mannino without a rebound.
19:50 of 2nd period - Jean-Gabriel Pageau wins face-off versus Tomas Tatar in Mustangs zone.
Goals for this period are 2 for Mustangs vs 0 for Diables.
Shots for this period are 19 for Mustangs vs 13 for Diables.
3rd period
0:01 of 3rd period - Mika Zibanejad wins face-off versus Jean-Gabriel Pageau in neutral zone.
0:22 of 3rd period - Minor Penalty to Jean-Gabriel Pageau for Slashing.
0:23 of 3rd period - Mika Zibanejad wins face-off versus Tim Schaller in Diables zone.
0:28 of 3rd period - Snap shot by Marcus Foligno.
0:28 of 3rd period - Shot Misses the Net.
2:22 of 3rd period - Penalty to Jean-Gabriel Pageau is over, Jean-Gabriel Pageau is back on ice.
3:14 of 3rd period - Wrist shot by Tomas Tatar.
3:14 of 3rd period - Shot Misses the Net.
3:16 of 3rd period - Slapshot by Brady Skjei.
3:16 of 3rd period - Stopped by John Gibson with a rebound.
3:18 of 3rd period - Slapshot by Derek Joslin.
3:18 of 3rd period - Deflect By Riley Sheahan.
3:18 of 3rd period - Shot Blocked by Tim Schaller.
3:18 of 3rd period - Puck is out of play.
3:19 of 3rd period - Mika Zibanejad wins face-off versus Louis Leblanc in Diables zone.
3:33 of 3rd period - Slapshot by Josh Jooris.
3:33 of 3rd period - Stopped by John Gibson without a rebound.
3:34 of 3rd period - Louis Leblanc wins face-off versus Joshua Leivo in Diables zone.
3:34 of 3rd period - Louis Leblanc is hit by Jerome Samson.
3:41 of 3rd period - Slapshot by Brian Dumoulin.
3:41 of 3rd period - Deflect By Taylor Beck.
3:41 of 3rd period - Shot Misses the Net.
3:41 of 3rd period - Puck is out of play.
3:42 of 3rd period - Louis Leblanc wins face-off versus Jerome Samson in Mustangs zone.
3:57 of 3rd period - Taylor Beck is hit by Mark Pysyk and loses puck.
4:12 of 3rd period - Cameron Gaunce is hit by Jon Merrill and loses puck.
4:17 of 3rd period - Wrist shot by Taylor Beck.
4:17 of 3rd period - Shot Hit the Post.
4:19 of 3rd period - Slapshot by Brian Dumoulin.
4:19 of 3rd period - Shot Misses the Net.
4:21 of 3rd period - Snap shot by Jon Merrill.
4:21 of 3rd period - Stopped by Peter Mannino without a rebound.
4:22 of 3rd period - Josh Jooris wins face-off versus Jean-Gabriel Pageau in Mustangs zone.
4:31 of 3rd period - Snap shot by Jean-Gabriel Pageau.
4:31 of 3rd period - Shot Blocked by Alexei Marchenko.
4:33 of 3rd period - Slapshot by Carl Gunnarsson.
4:33 of 3rd period - Deflect By Jean-Gabriel Pageau.
4:33 of 3rd period - Stopped by Peter Mannino with a rebound.
4:35 of 3rd period - Snap shot by Carl Gunnarsson.
4:35 of 3rd period - Stopped by Peter Mannino with a rebound.
4:37 of 3rd period - Snap shot by Teuvo Teravainen.
4:37 of 3rd period - Stopped by Peter Mannino with a rebound.
4:47 of 3rd period - Tyler Bozak is hit by Scott Mayfield and loses puck.
4:53 of 3rd period - Icing by Mark Fraser.
4:54 of 3rd period - Tyler Bozak wins face-off versus Riley Sheahan in Diables zone.
5:21 of 3rd period - Wrist shot by Jean-Gabriel Pageau.
5:21 of 3rd period - Stopped by Peter Mannino with a rebound.
5:23 of 3rd period - Wrist shot by Teuvo Teravainen.
5:23 of 3rd period - Goal by Teuvo Teravainen - Mustangs : 2 - Diables : 2.
5:24 of 3rd period - Mika Zibanejad wins face-off versus Steve Quailer in neutral zone.
5:27 of 3rd period - Wrist shot by Marcus Foligno.
5:27 of 3rd period - Stopped by John Gibson without a rebound.
5:28 of 3rd period - Mika Zibanejad wins face-off versus Jean-Gabriel Pageau in Diables zone.
5:43 of 3rd period - Jean-Gabriel Pageau is hit by Josh Jooris and loses puck.
6:02 of 3rd period - Snap shot by Tomas Tatar.
6:02 of 3rd period - Shot Misses the Net.
6:04 of 3rd period - Wrist shot by Derek Joslin.
6:04 of 3rd period - Stopped by John Gibson with a rebound.
6:06 of 3rd period - Slapshot by Derek Joslin.
6:06 of 3rd period - Stopped by John Gibson without a rebound.
6:07 of 3rd period - Jim O'Brien wins face-off versus Tyler Bozak in Diables zone.
6:38 of 3rd period - Wrist shot by Steve Quailer.
6:38 of 3rd period - Stopped by Peter Mannino with a rebound.
7:04 of 3rd period - Tomas Tatar is hit by Pavel Valentenko and loses puck.
7:22 of 3rd period - Icing by Mark Pysyk.
7:23 of 3rd period - Andreas Athanasiou wins face-off versus Jean-Gabriel Pageau in Mustangs zone.
7:23 of 3rd period - Andreas Athanasiou is hit by Jon Merrill.
7:28 of 3rd period - Francis Paré is hit by Brian Dumoulin and loses puck.
7:33 of 3rd period - Snap shot by Steve Quailer.
7:33 of 3rd period - Stopped by Peter Mannino without a rebound.
7:34 of 3rd period - Mika Zibanejad wins face-off versus Steve Quailer in Mustangs zone.
7:41 of 3rd period - Wrist shot by Jean-Gabriel Pageau.
7:41 of 3rd period - Stopped by Peter Mannino with a rebound.
7:59 of 3rd period - Josh Jooris is hit by Tyler Bozak and loses puck.
8:28 of 3rd period - Brady Skjei is hit by Jamie Oleksiak.
8:34 of 3rd period - Borna Rendulic is hit by Alexei Marchenko and loses puck.
8:41 of 3rd period - Mika Zibanejad is hit by Taylor Beck and loses puck.
8:52 of 3rd period - Teuvo Teravainen is hit by Alexei Marchenko.
9:13 of 3rd period - Mark Fraser is hit by Jim O'Brien and loses puck.
9:36 of 3rd period - Wrist shot by Francis Paré.
9:36 of 3rd period - Stopped by John Gibson without a rebound.
9:37 of 3rd period - Jean-Gabriel Pageau wins face-off versus Andreas Athanasiou in Diables zone.
9:44 of 3rd period - Slapshot by Alexei Marchenko.
9:44 of 3rd period - Shot Blocked by Jean-Gabriel Pageau.
10:03 of 3rd period - Riley Sheahan is hit by Jon Merrill and loses puck.
10:26 of 3rd period - Off-side.
10:27 of 3rd period - Tim Schaller wins face-off versus Joshua Leivo in neutral zone.
11:07 of 3rd period - Snap shot by Joshua Leivo.
11:07 of 3rd period - Deflect By Jerome Samson.
11:07 of 3rd period - Stopped by John Gibson with a rebound.
11:11 of 3rd period - Snap shot by Joshua Leivo.
11:11 of 3rd period - Stopped by John Gibson without a rebound.
11:12 of 3rd period - Jean-Gabriel Pageau wins face-off versus Mika Zibanejad in Diables zone.
11:14 of 3rd period - Minor Penalty to Jean-Gabriel Pageau for Hooking.
11:15 of 3rd period - Tim Schaller wins face-off versus Josh Jooris in Diables zone.
11:25 of 3rd period - Snap shot by Josh Jooris.
11:25 of 3rd period - Stopped by John Gibson with a rebound.
11:49 of 3rd period - Slapshot by Mark Pysyk.
11:49 of 3rd period - Shot Blocked by Jon Merrill.
13:14 of 3rd period - Penalty to Jean-Gabriel Pageau is over, Jean-Gabriel Pageau is back on ice.
13:21 of 3rd period - Brady Skjei is hit by Jean-Gabriel Pageau and loses puck.
13:32 of 3rd period - Minor Penalty to Steve Quailer for Tripping.
13:33 of 3rd period - Tim Schaller wins face-off versus Riley Sheahan in Diables zone.
13:49 of 3rd period - Off-side.
13:50 of 3rd period - Mika Zibanejad wins face-off versus Tim Schaller in neutral zone.
13:55 of 3rd period - Snap shot by Josh Jooris.
13:55 of 3rd period - Goal by Josh Jooris - Mustangs : 3 - Diables : 2.
13:56 of 3rd period - Mika Zibanejad wins face-off versus Jean-Gabriel Pageau in neutral zone.
14:11 of 3rd period - Snap shot by Josh Jooris.
14:11 of 3rd period - Shot Blocked by Jon Merrill.
14:51 of 3rd period - Slapshot by Cameron Gaunce.
14:51 of 3rd period - Stopped by John Gibson with a rebound.
15:29 of 3rd period - Slapshot by Taylor Beck.
15:29 of 3rd period - Deflect By Alexei Marchenko.
15:29 of 3rd period - Goal by Taylor Beck - Mustangs : 3 - Diables : 3.
15:30 of 3rd period - Tim Schaller wins face-off versus Mika Zibanejad in neutral zone.
15:41 of 3rd period - Snap shot by Josh Jooris.
15:41 of 3rd period - Shot Misses the Net.
15:43 of 3rd period - Wrist shot by Mika Zibanejad.
15:43 of 3rd period - Stopped by John Gibson with a rebound.
15:45 of 3rd period - Slapshot by Marcus Foligno.
15:45 of 3rd period - Stopped by John Gibson with a rebound.
16:35 of 3rd period - Mark Pysyk is hit by Borna Rendulic and loses puck.
16:56 of 3rd period - Icing by Mark Pysyk.
16:57 of 3rd period - Mika Zibanejad wins face-off versus Tyler Bozak in Mustangs zone.
16:57 of 3rd period - Mika Zibanejad is hit by Tyler Bozak.
18:04 of 3rd period - Scott Mayfield is hit by Craig Smith.
18:30 of 3rd period - Andreas Athanasiou is hit by Jean-Gabriel Pageau and loses puck.
19:01 of 3rd period - Mark Pysyk is hit by Mark Fraser and loses puck.
19:08 of 3rd period - Wrist shot by Mika Zibanejad.
19:08 of 3rd period - Stopped by John Gibson with a rebound.
19:29 of 3rd period - Icing by Carl Gunnarsson.
19:30 of 3rd period - Mika Zibanejad wins face-off versus Tyler Bozak in Diables zone.
Goals for this period are 1 for Mustangs vs 2 for Diables.
Shots for this period are 14 for Mustangs vs 10 for Diables.
Overtime #1
0:01 of 1st overtime period - Mika Zibanejad wins face-off versus Tyler Bozak in neutral zone.
0:08 of 1st overtime period - Wrist shot by Marcus Foligno.
0:08 of 1st overtime period - Shot Blocked by Carl Gunnarsson.
2:00 of 1st overtime period - Brady Skjei is hit by Pavel Valentenko and loses puck.
2:19 of 1st overtime period - Jamie Oleksiak is hit by Jim O'Brien.
2:37 of 1st overtime period - Scott Mayfield is hit by Teuvo Teravainen and loses puck.
3:28 of 1st overtime period - Brian Dumoulin is hit by Derek Joslin.
3:58 of 1st overtime period - Jon Merrill is hit by Riley Sheahan.
4:20 of 1st overtime period - Joshua Leivo is hit by Craig Smith and loses puck.
Goals for this period are 0 for Mustangs vs 0 for Diables.
Shots for this period are 0 for Mustangs vs 0 for Diables.
ShootOut
5:00 of 1st overtime period - Penalty Shot by Andreas Athanasiou for Mustangs.
5:00 of 1st overtime period - Backhand shot by Andreas Athanasiou.
5:00 of 1st overtime period - Stopped by John Gibson.
5:00 of 1st overtime period - Penalty Shot by Steve Quailer for Diables.
5:00 of 1st overtime period - Wrist shot by Steve Quailer.
5:00 of 1st overtime period - Stopped by Peter Mannino.
5:00 of 1st overtime period - Penalty Shot by Mika Zibanejad for Mustangs.
5:00 of 1st overtime period - Snap shot by Mika Zibanejad.
5:00 of 1st overtime period - Stopped by John Gibson.
5:00 of 1st overtime period - Penalty Shot by Tyler Bozak for Diables.
5:00 of 1st overtime period - Deke by Tyler Bozak.
5:00 of 1st overtime period - Goal by Tyler Bozak.
5:00 of 1st overtime period - Penalty Shot by Andrew Shaw for Mustangs.
5:00 of 1st overtime period - Wrist shot by Andrew Shaw.
5:00 of 1st overtime period - Goal by Andrew Shaw.
5:00 of 1st overtime period - Penalty Shot by Alexandre Burrows for Diables.
5:00 of 1st overtime period - Deke by Alexandre Burrows.
5:00 of 1st overtime period - Shot Misses the Net.
5:00 of 1st overtime period - Penalty Shot by Marcus Foligno for Mustangs.
5:00 of 1st overtime period - Snap shot by Marcus Foligno.
5:00 of 1st overtime period - Shot Misses the Net.
5:00 of 1st overtime period - Penalty Shot by Craig Smith for Diables.
5:00 of 1st overtime period - Deke by Craig Smith.
5:00 of 1st overtime period - Goal by Craig Smith.
Back to the Top